 Dungeon Crawl Stone Soup version 0.28-a0-794-gafe8c5f9e9 (webtiles) character file.

Game seed: 3215756662194795926

35 funkygono the Firebug (level 3, -1/19 HPs)
             Began as a Gargoyle Fire Elementalist on Nov 5, 2021.
             Slain by a hound (2 damage)
             ... on level 3 of the Dungeon.
             The game lasted 00:03:41 (1954 turns).

funkygono the Firebug (Gargoyle Fire Elementalist)  Turns: 1954, Time: 00:03:42

Health: -1/19      AC:  6    Str: 11    XL:     3   Next: 33%
Magic:  0/6        EV: 12    Int: 16    God:
Gold:   51         SH:  0    Dex: 10    Spells: 3/6 levels left

rFire   . . .      SeeInvis .   k - +0 club
rCold   . . .      Faith    .   (no shield)
rNeg    + . .      Spirit   .   a - +0 robe
rPois   ∞          Reflect  .   (no helmet)
rElec   +          Harm     .   (no cloak)
rCorr   .          Rampage  .   g - +0 pair of gloves
Will    .....                   (no boots)
Stlth   ++........              d - amulet of the acrobat
HPRegen 0.06/turn               c - ring of wizardry
MPRegen 0.10/turn               (no ring)

@: no status effects
A: sickness immunity, AC +3, negative energy resistance 1, electricity
resistance, torment resistance 1, petrification resistance
a: no special abilities


You were on level 3 of the Dungeon.
You visited 1 branch of the dungeon, and saw 3 of its levels.

You collected 51 gold pieces.

Inventory:

Hand Weapons
 k - a +0 club (weapon)
Missiles
 l - 4 stones
Armour
 a - a +0 robe (worn)
 g - a +0 pair of gloves (worn)
Jewellery
 c - a ring of wizardry (left hand)
 d - an amulet of the acrobat (around neck)
Scrolls
 b - 3 scrolls of teleportation {unknown}
 e - 2 scrolls of identify {unknown}
 f - a scroll of fear {unknown}
 i - 2 scrolls of fog {unknown}
Potions
 h - a potion of magic {unknown}
 j - a potion of degeneration {unknown}


   Skills:
 + Level 1.7 Dodging
 - Level 2.1 Stealth
 * Level 2.1 Spellcasting
 * Level 1.5 Conjurations
 * Level 3.9 Fire Magic


You had 3 spell levels left.
You knew the following spells:

 Your Spells              Type           Power      Damage    Failure   Level
a - Foxfire               Conj/Fire      40%        2x1d6     2%          1
b - Scorch                Fire           28%        2d6       2%          2

Your spell library contained the following spells:

 Spells                   Type           Power      Damage    Failure   Level
 Magic Dart               Conj           24%        1d4       4%          1
 Summon Small Mammal      Summ           4%         N/A       9%          1
 Conjure Flame            Conj/Fire      10%        6-21      9%          3
 Inner Flame              Hex/Fire       8%         N/A       11%         3
 Call Imp                 Summ           1%         N/A       12%         2
 Mephitic Cloud           Conj/Pois/Air  3%         N/A       21%         3
 Call Canine Familiar     Summ           1%         N/A       24%         3
 Summon Guardian Golem    Hex/Summ       1%         N/A       24%         3
 Flame Wave               Conj/Fire      10%        3d4       26%         4


Dungeon Overview and Level Annotations

Branches:
Dungeon (3/15)

Altars:

Annotations:
D:2 Sigmund


Innate Abilities, Weirdness & Mutations

You are immune to sickness and miasma.
Your stone body is resilient. (AC +3)
You are immune to poison.
You resist negative energy. (rN+)
You are resistant to electric shocks. (rElec)
You are resistant to unholy torment.
You are immune to petrification.


Message History

You hit the hound but do no damage.
The hound is moderately wounded.
The hound bites you but does no damage.
You closely miss the hound.
The hound is moderately wounded.
The hound barely misses you. The hound bites you but does no damage.
You hit the hound but do no damage.
The hound is moderately wounded.
The hound closely misses you. The hound bites you but does no damage.
You barely miss the hound.
The hound is moderately wounded.
The hound bites you.
* * * LOW HITPOINT WARNING * * *
The hound bites you but does no damage.
You barely miss the hound.
The hound is moderately wounded.
The hound closely misses you. The hound bites you but does no damage.
You completely miss the hound.
The hound is moderately wounded.
The hound bites you but does no damage. The hound misses you.
You closely miss the hound.
The hound is moderately wounded.
The hound bites you but does no damage. x2
Casting: Foxfire (safe; 2% risk of failure)
Confirm with . or Enter, or press ? or * to list all spells.
You conjure some foxfire!
The hound bites you.
* * * LOW HITPOINT WARNING * * *
Casting: Foxfire (safe; 2% risk of failure)
Confirm with . or Enter, or press ? or * to list all spells.
Okay, then.
You closely miss the hound.
The hound is moderately wounded.
The foxfire hits the hound.
The hound is heavily wounded.
The foxfire hits the hound.
The hound is almost dead.
The hound bites you.
* * * LOW HITPOINT WARNING * * *
The hound bites you.
You die...

....
...#
...
..##
..#
#.#
#h##
#@.#
##§#
#.#
#.#
#.#
...
g..
...


You could see a hound.

Vanquished Creatures
  A dart slug (D:2)
  3 ball pythons
  3 endoplasms
  2 giant cockroaches
  2 goblins (D:2)
  5 hobgoblins
  4 jackals (D:1)
  A quokka (D:1)
  3 bats
  A kobold (D:2)
  2 rats
27 creatures vanquished.

Vanquished Creatures (others)
  103 foxfires
103 creatures vanquished.

Grand Total: 130 creatures vanquished

Notes
Turn   | Place    | Note
-------+----------+-------------------------------------------
     0 | D:1      | funkygono the Gargoyle Fire Elementalist began the quest
                  | for the Orb.
     0 | D:1      | Reached XP level 1. HP: 10/10 MP: 3/3
   251 | D:1      | Reached XP level 2. HP: 6/15 MP: 0/5
  1034 | D:2      | Noticed Sigmund
  1145 | D:2      | Reached XP level 3. HP: 19/19 MP: 2/6
  1148 | D:2      | Learned a level 2 spell: Scorch
  1954 | D:3      | Slain by a hound

Illustrated notes

Levels and vault maps discovered:
D:1:      elethiomel_arrival_quiet, layout_basic
D:2:      layout_basic, ebering_ecumenical_altar_abandoned,
          uniq_crazy_yiuf_cottage, uniq_sigmund
D:3:      layout_basic, elyvilon_altar_1, marbit_many_paths

Action                   || total
-------------------------++-------
Melee: Unarmed           ||    14
       Club              ||     8
 Cast: Foxfire           ||    59
       Scorch            ||     1
Armor: Robe              ||    40
Dodge: Dodged            ||    47

Table legend: (Time is in decaauts)
 A = Elapsed time spent in this place.
 B = Non-inter-level travel time spent in this place.
 C = Inter-level travel time spent in this place.
 D = Time resting spent in this place.
 E = Time spent auto-exploring this place.
 F = Levels seen in this place.
 G = Mean time per level.
                   A        B        C        D        E       F      G
               +--------+--------+--------+--------+--------+-----+--------+
         Total |   1957 |   1951 |      6 |    428 |   1000 |   3 |  652.3 |
       Dungeon |   1957 |   1951 |      6 |    428 |   1000 |   3 |  652.3 |
               +--------+--------+--------+--------+--------+-----+--------+

Top non-repeatable levels by time:
     D:1: 1604 daAuts
     D:2: 340 daAuts
     D:3: 12 daAuts
